 Dungeon Crawl Stone Soup version 0.25.1-2-g60ff931df9 (webtiles) character file.

Game seed: 7061155185107461661

44086 Peloso the Fencer (level 13, -2/116 HPs)
             Began as a Minotaur Fighter on Aug 25, 2020.
             Was a High Priest of Okawaru.
             Hit by a large rock thrown by a cyclops (34 damage)
             ... on level 2 of the Orcish Mines.
             The game lasted 00:54:40 (25271 turns).

Peloso the Fencer (Minotaur Fighter)               Turns: 25271, Time: 00:54:41

Health: -2/116     AC: 24    Str: 24    XL:     13   Next: 94%
Magic:  21/23      EV: 14    Int:  5    God:    Okawaru [*****.]
Gold:   1065       SH: 16    Dex: 18    Spells: 12/12 levels left

rFire    + . .     SeeInvis .   a - +2 double sword (vorpal)
rCold    + . .     Gourm    .   c - +0 kite shield
rNeg     + . .     Faith    .   q - +1 plate armour {MR+}
rPois    +         Spirit   .   s - -2 hat of the Alchemist {rElec rPois rF+ rC+ rN+ MR+ rMut rCorr}
rElec    +         Reflect  .   O - +2 cloak {rCorr}
rCorr    +         Harm     .   (no gloves)
rMut     +                      Q - +2 pair of boots {Fly}
MR       ++...                  (no amulet)
Stlth    ..........             m - ring of magical power
HPRegen  0.29/turn              C - +6 ring of dexterity
MPRegen  0.18/turn

@: heroism, flying, very slightly contaminated
A: retaliatory headbutt, horns 2
a: Heroism, Finesse, Renounce Religion, Stop Flying


You were on level 2 of the Orcish Mines.
You worshipped Okawaru.
Okawaru was extremely pleased with you.
You were very hungry.

You visited 4 branches of the dungeon, and saw 20 of its levels.
You also visited: Ice Cave.

You collected 1711 gold pieces.
You spent 646 gold pieces at shops.

Inventory:

Hand Weapons
 a - a +2 vorpal double sword (weapon)
 b - a +0 scimitar of flaming
Armour
 c - a +0 kite shield (worn)
 g - a +3 chain mail of poison resistance
 j - a +0 hat of intelligence
 k - +1 ice dragon scales
 q - a +1 plate armour of magic resistance (worn)
 s - the -2 hat of the Alchemist (worn) {rElec rPois rF+ rC+ rN+ MR+ rMut rCorr}
   (You found it on level 4 of the Lair of Beasts)

   It protects you from fire.
   It protects you from cold.
   It insulates you from electricity.
   It protects you from poison.
   It protects you from negative energy.
   It affects your resistance to hostile enchantments.
   It provides partial protection from all sources of acid and corrosion.
   It protects you from mutation.
 O - a +2 cloak of preservation (worn)
 Q - a +2 pair of boots of flying (worn)
Jewellery
 m - a ring of magical power (left hand)
 C - a +6 ring of dexterity (right hand)
Wands
 d - a wand of digging (3)
 e - a wand of polymorph (11)
 o - a wand of flame (36)
 B - a wand of paralysis (16)
Scrolls
 h - 8 scrolls of teleportation
 i - 6 scrolls of identify
 l - a scroll of noise
 v - 2 scrolls of fear
 A - 6 scrolls of remove curse
 K - a scroll of immolation
Potions
 n - a potion of ambrosia
 p - 2 potions of stabbing
 r - a potion of resistance
 w - 2 potions of might
 z - 6 potions of curing
 F - 2 potions of heal wounds
 I - a potion of berserk rage
 R - a potion of haste
Comestibles
 f - 33 rations


   Skills:
 + Level 11.5(16.5) Fighting
 + Level 16.2(21.2) Long Blades
   Level 4.1(9.1) Axes
 + Level 12.3(17.3) Armour
 + Level 4.9(9.9) Dodging
 + Level 2.7(7.7) Stealth
 + Level 14.5(19.5) Shields
 + Level 3.3 Invocations
 + Level 1.2 Evocations


You had 12 spell levels left.
You didn't know any spells.
Your spell library contained the following spells:

 Spells                   Type           Power        Failure   Level  Hunger
 Beastly Appendage        Tmut           #.....       98%         1    ##.....
 Corona                   Hex            #......      98%         1    ##.....
 Summon Small Mammal      Summ           #...         98%         1    ##.....
 Call Imp                 Summ           #.......     99%         2    ###....
 Ensorcelled Hibernation  Hex/Ice        #.....       99%         2    ###....
 Poisonous Vapours        Pois/Air       #.....       99%         2    ###....
 Sticks to Snakes         Tmut           #.......     99%         2    ###....
 Call Canine Familiar     Summ           #.......     100%        3    ####...
 Confusing Touch          Hex            #.......     100%        3    ####...
 Conjure Flame            Conj/Fire      #.......     100%        3    ####...
 Dazzling Flash           Conj/Hex       #.....       100%        3    ####...
 Mephitic Cloud           Conj/Pois/Air  #.......     100%        3    ####...
 Spider Form              Tmut/Pois      #.........   100%        3    ####...
 Summon Guardian Golem    Hex/Summ       #.......     100%        3    ####...
 Tukima's Dance           Hex            #.......     100%        3    ####...
 Ice Form                 Ice/Tmut       #.......     100%        4    #####..
 Summon Ice Beast         Ice/Summ       #.......     100%        4    #####..
 Summon Lightning Spire   Summ/Air       #.......     100%        4    #####..
 Blade Hands              Tmut           #.........   100%        5    ######.
 Freezing Cloud           Conj/Ice/Air   #.........   100%        6    #######
 Ring of Flames           Chrm/Fire      #.........   100%        7    #######


Dungeon Overview and Level Annotations

Branches:
Dungeon (13/15)            Temple (1/1) D:4            Lair (4/6) D:11
 Shoals (0/4) Lair:2       Spider (0/4) Lair:4          Orc (2/2) D:10
  IceCv (visited)
    Elf: Orc:2       Vaults: D:13-14

Altars:
Ashenzari
Cheibriados
Dithmenos
Elyvilon
Fedhas
Gozag
Hepliaklqana
Kikubaaqudgha
Makhleb
Nemelex Xobeh
Okawaru
Qazlal
Ru
Sif Muna
Trog
Uskayaw
Vehumet
Wu Jian
Xom
Yredelemnul
Zin
The Shining One

Shops:
D:4 *   D:10 ?   D:11 (   D:12 [   Orc:2 [(*(

Annotations:
D:7 3 runed translucent doors, Colgate's ghost, novice DrBe
Orc:2 1 runed translucent door, exclusion: orange crystal statue


Innate Abilities, Weirdness & Mutations

You reflexively headbutt those who attack you in melee.
You have a pair of horns on your head.


Message History

Unknown command.
You gain the combat prowess of a mighty hero.
The ettin barely misses you.
You riposte.
You slash the ettin!
The ettin is moderately wounded.
The ettin hits you with a +0 great mace!!!
You block the cyclops's attack.
The cyclops hits you but does no damage.
You hit the cyclops.
You headbutt the cyclops, but do no damage.
The cyclops is severely wounded.
You block the ettin's attack.
The ettin hits you with a +0 great mace!
* * * LOW HITPOINT WARNING * * *
Unknown command.
Blink to where?
Press: ? - help, Dir - move target cursor You are very lightly contaminated with residual magic.
As you read the scroll of blinking, it crumbles to dust.
The cyclops throws a large rock.
The large rock hits you!!
You die...

## ...[...+.# ##....##. #.. #
......#.#### #...###..
.#...#.#...#.#.##.####.....##.
..... .....8#.....##.........
.#...#########....#...........
..............................
...............#..............
..............................
.......).....@................
.............................P
.......(...............P.....
.......(..................∩.
.......(...................
.....................
.......§.............
......CCC..P.P.......
...............


You could see an ettin and 2 cyclopes.

Vanquished Creatures
  2 ettins (Orc:2)
  Fannar (D:11)
  Erolcha (D:9)
  An ice dragon (D:13)
  A centaur warrior (D:12)
  2 hydras
  Erica (D:10)
  2 two-headed ogres
  Urug (D:11)
  4 unseen horrors (D:12)
  Pikel (D:7)
  An orc sorcerer (Orc:1)
  5 cyclopes
  3 elephants (Lair:2)
  2 ice statues (IceCv)
  Maurice (D:11)
  A black mamba (Lair:1)
  6 spiny frogs
  4 komodo dragons (Lair:3)
  10 ice devils (IceCv)
  4 trolls
  2 polar bears (D:13)
  Prince Ribbit (D:5)
  15 blink frogs
  6 hippogriffs
  Sigmund (D:2)
  A wraith (D:13)
  2 redbacks (Lair:4)
  30 yaks
  2 basilisks
  2 hungry ghosts
  4 vampire mosquitoes (D:13)
  A hydra simulacrum (Lair:4)
  4 water moccasins
  8 porcupines
  6 sky beasts
  A hornet zombie (D:6)
  12 orc warriors
  2 slaves (D:7)
  5 necrophages
  An eye of draining (D:13)
  A black mamba simulacrum (Lair:4)
  4 ice beasts
  10 ogres
  10 wolves
  8 centaurs
  5 crocodiles
  3 big kobolds
  11 bullfrogs
  A gnoll sergeant (D:5)
  A water moccasin zombie (D:5)
  A spiny frog simulacrum (Lair:4)
  A wyvern skeleton (D:13)
  A scorpion (D:4)
  21 killer bees
  An electric eel (D:11)
  4 wights (D:12)
  2 howler monkeys (D:10)
  A crimson imp (D:5)
  4 centaur zombies
  A bullfrog zombie (D:12)
  12 hounds
  6 orc priests
  A water moccasin simulacrum (Lair:4)
  2 jellies
  17 orc wizards
  7 centaur skeletons
  2 bullfrog skeletons
  4 iguanas
  Natasha (twice) (D:2)
  9 worker ants
  A hound zombie (D:6)
  A hound skeleton (D:7)
  A howler monkey zombie (D:11)
  A worker ant zombie (D:6)
  Robin (Temple)
  7 gnolls (D:5)
  6 adders
  A crocodile simulacrum (Lair:4)
  4 shadow imps
  4 white imps (IceCv)
  An ooze (D:4)
  3 ufetubi (IceCv)
  An adder zombie (D:5)
  An adder skeleton (D:10)
  3 worms
  2 dart slugs
  5 leopard geckos
  41 orcs
  2 ball pythons
  12 goblins
  13 hobgoblins
  12 jackals
  6 quokkas
  A ball python skeleton (D:4)
  9 bats
  7 frilled lizards
  A jackal skeleton (D:4)
  11 kobolds
  A quokka skeleton (D:5)
  11 rats
  A plant (Lair:1)
484 creatures vanquished.

Vanquished Creatures (others)
  A reaper (IceCv)
  5 white imps (IceCv)
  6 ufetubi (IceCv)
  12 fungi
  2 plants (D:7)
26 creatures vanquished.

Grand Total: 510 creatures vanquished

Notes
Turn   | Place    | Note
-------+----------+-------------------------------------------
     0 | D:1      | Peloso the Minotaur Fighter began the quest for the Orb.
     0 | D:1      | Reached XP level 1. HP: 19/19 MP: 0/0
   139 | D:1      | Reached XP level 2. HP: 13/27 MP: 1/1
   832 | D:1      | Reached XP level 3. HP: 31/33 MP: 2/2
   953 | D:2      | Noticed Sigmund
   968 | D:2      | Killed Sigmund
   968 | D:2      | Reached skill level 3 in Long Blades
   968 | D:2      | Reached skill level 5 in Shields
   968 | D:2      | Reached XP level 4. HP: 18/41 MP: 3/3
   968 | D:2      | Reached XP level 5. HP: 21/47 MP: 4/4
  1692 | D:2      | Found a shimmering altar of Xom.
  1697 | D:2      | Found a shimmering altar of Xom.
  1697 | D:2      | Found a shimmering altar of Xom.
  1737 | D:2      | Noticed Natasha
  1746 | D:2      | Killed Natasha
  1994 | D:2      | Reached skill level 4 in Long Blades
  2005 | D:2      | Noticed Natasha
  2019 | D:2      | Killed Natasha
  2019 | D:2      | Reached XP level 6. HP: 36/53 MP: 5/5
  3004 | D:3      | Reached skill level 5 in Armour
  3254 | D:3      | Found a blossoming altar of Fedhas.
  3457 | D:3      | Noticed a +0 hand axe
  3457 | D:3      | Noticed a +0 dagger
  3459 | D:3      | Found a hide-covered altar of Uskayaw.
  3670 | D:3      | Found a glowing silver altar of Zin.
  3862 | D:4      | Found a staircase to the Ecumenical Temple.
  3887 | Temple   | Entered the Ecumenical Temple
  3960 | Temple   | Became a worshipper of Warmaster Okawaru
  3996 | Temple   | Reached skill level 5 in Long Blades
  3996 | Temple   | Reached XP level 7. HP: 43/60 MP: 6/6
  4134 | D:4      | Noticed Robin
  4160 | Temple   | Killed Robin
  4700 | D:4      | Found Moathreor's General Store.
  4703 | D:4      | Bought a potion of curing for 30 gold pieces
  4703 | D:4      | Bought a scroll of fear for 35 gold pieces
  4718 | D:5      | Entered Level 5 of the Dungeon
  5005 | D:4      | Reached * piety under Okawaru
  5187 | D:5      | Reached skill level 6 in Long Blades
  5187 | D:5      | Reached XP level 8. HP: 10/67 MP: 7/7
  5198 | D:5      | Reached skill level 5 in Fighting
  5850 | D:5      | Got a shimmering hand axe
  5851 | D:5      | Identified the cursed +1 hand axe of Taxation {flame,
                  | +Blink Int+7 Dex+3} (You found it on level 5 of the
                  | Dungeon)
  6048 | D:6      | Noticed Prince Ribbit
  6703 | D:6      | Reached skill level 1 in Axes
  6785 | D:6      | Reached ** piety under Okawaru
  6909 | D:6      | Found a glowing golden altar of the Shining One.
  7216 | D:6      | Reached skill level 1 in Stealth
  7426 | D:7      | Reached XP level 9. HP: 51/75 MP: 5/8
  7476 | D:7      | HP: 3/75 [poisoned by a killer bee]
  7484 | D:7      | HP: 3/75 [poisoned by a killer bee]
  8112 | D:7      | Found a runed translucent gate.
  8115 | D:7      | Found a runed translucent gate.
  8117 | D:7      | Found a runed translucent gate.
  8117 | D:7      | Noticed Colgate's ghost (novice DrBe)
  8485 | D:7      | Found a sparkling altar of Nemelex Xobeh.
  8686 | D:7      | Found an ornate altar of the Wu Jian Council.
  8753 | D:7      | Noticed Pikel
  8771 | D:7      | Killed Pikel
  8771 | D:7      | Reached skill level 7 in Long Blades
  8774 | D:7      | Reached *** piety under Okawaru
  9004 | D:7      | Received a gift from Okawaru
  9173 | D:8      | Found a shattered altar of Ashenzari.
  9178 | D:8      | Reached skill level 1 in Invocations
  9189 | D:8      | Reached skill level 10 in Shields
  9422 | D:8      | Found a stormy altar of Qazlal.
  9573 | D:8      | Reached skill level 8 in Long Blades
  9838 | D:9      | Noticed Erolcha
 10204 | D:9      | Killed Erolcha
 10204 | D:9      | Reached **** piety under Okawaru
 10204 | D:9      | Received a gift from Okawaru
 10204 | D:9      | Reached skill level 9 in Long Blades
 10204 | D:9      | Reached XP level 10. HP: 78/84 MP: 8/10
 10585 | D:10     | Entered Level 10 of the Dungeon
 10648 | D:10     | Noticed a two-headed ogre
 10662 | D:10     | Killed a two-headed ogre
 11052 | D:10     | Reached skill level 10 in Long Blades
 11349 | D:10     | Reached ***** piety under Okawaru
 11364 | D:10     | Found a staircase to the Orcish Mines.
 12148 | D:10     | Found Igysiaka's Magic Scroll Shoppe.
 12159 | D:10     | Bought a scroll of immolation for 52 gold pieces
 12159 | D:10     | Bought a scroll of blinking for 112 gold pieces
 12159 | D:10     | Bought a scroll of identify for 30 gold pieces
 12341 | D:11     | Noticed Erica
 12441 | D:10     | Reached XP level 11. HP: 51/93 MP: 8/11
 12620 | D:10     | Killed Erica
 12620 | D:10     | Reached skill level 11 in Long Blades
 12766 | D:11     | Found a staircase to the Lair.
 12775 | D:11     | Noticed a two-headed ogre
 12793 | D:11     | Killed a two-headed ogre
 12799 | D:11     | Noticed Fannar
 12901 | D:11     | Killed Fannar
 13098 | D:11     | Noticed Maurice
 13111 | D:11     | Killed Maurice
 13146 | D:11     | Reached skill level 1 in Evocations
 13205 | D:11     | Found Tegeise's Weapon Shop.
 13531 | D:11     | Noticed Urug
 13556 | D:11     | Killed Urug
 13892 | D:5      | Killed Prince Ribbit
 13892 | D:5      | Reached skill level 12 in Long Blades
 14037 | D:12     | Killed an unseen horror
 14037 | D:12     | Reached skill level 10 in Armour
 14341 | D:12     | Received a gift from Okawaru
 14353 | D:12     | Killed an unseen horror
 14555 | D:12     | Killed an unseen horror
 14555 | D:12     | Reached XP level 12. HP: 83/104 MP: 13/13
 14997 | D:12     | Found Kebasok's Armour Shop.
 15081 | D:12     | Noticed a centaur warrior
 15090 | D:12     | Killed a centaur warrior
 15090 | D:12     | Reached skill level 13 in Long Blades
 15472 | D:12     | Bought a +2 pair of boots of flying for 365 gold pieces
 15573 | Lair:1   | Entered Level 1 of the Lair of Beasts
 15619 | Lair:1   | Reached ****** piety under Okawaru
 15969 | Lair:1   | Reached skill level 10 in Fighting
 16250 | Lair:1   | Received a gift from Okawaru
 16269 | Lair:1   | Found a basalt altar of Yredelemnul.
 16330 | Lair:1   | Got a crude flail
 16331 | Lair:1   | Identified the +6 flail of the Wary Lives {drain, Str+4
                  | Dex+2} (You found it on level 1 of the Lair of Beasts)
 16853 | Lair:2   | Found a staircase to the Shoals.
 17181 | Lair:2   | Reached skill level 14 in Long Blades
 18104 | Lair:3   | Reached XP level 13. HP: 95/114 MP: 14/14
 19136 | Lair:4   | Reached skill level 15 in Long Blades
 19147 | Lair:4   | Received a gift from Okawaru
 19155 | Lair:4   | Got an ichor-stained flail {god gift}
 19156 | Lair:4   | Identified the +8 flail "Sulleocu" {freeze, rF+} (Okawaru
                  | gifted it to you on level 4 of the Lair of Beasts)
 19743 | Lair:4   | Found a transporter.
 19746 | Lair:4   | Found the -2 hat of the Alchemist {rElec rPois rF+ rC+ rN+
                  | MR+ rMut rCorr}
 19978 | Lair:4   | Found a hole to the Spider Nest.
 20036 | Lair:4   | Found a transporter.
 20513 | Lair:4   | Got a warped scale mail
 20524 | Lair:4   | Identified the +3 scale mail of Emanlyel {rC+} (You found
                  | it on level 4 of the Lair of Beasts)
 21195 | D:13     | Found a frozen archway.
 21250 | IceCv    | Entered an ice cave
 21723 | IceCv    | Killed a reaper
 24012 | Orc:1    | Entered Level 1 of the Orcish Mines
 24456 | Orc:2    | Entered Level 2 of the Orcish Mines
 24488 | Orc:2    | Found Gouth's Antique Weapon Shoppe.
 24598 | Orc:2    | Noticed an ettin
 24599 | Orc:2    | Found Xenou's General Store.
 24612 | Orc:2    | Killed an ettin
 24612 | Orc:2    | Received a gift from Okawaru
 24612 | Orc:2    | Reached skill level 16 in Long Blades
 24635 | Orc:2    | Noticed an ettin
 24943 | Orc:2    | Killed an ettin
 25233 | Orc:2    | Bought a scroll of identify for 22 gold pieces
 25242 | Orc:2    | Found Kemiopugo's Antique Weapon Shoppe.
 25245 | Orc:2    | Found a runed translucent door.
 25247 | Orc:2    | Found the +10 tower shield of Ignorance {rN+ Int-4}
 25262 | Orc:2    | Noticed an ettin
 25263 | Orc:2    | Found Ibbairiu's Antique Armour Emporium.
 25271 | Orc:2    | Hit by a large rock thrown by a cyclops

Illustrated notes

Levels and vault maps discovered:
D:1:      dpeg_arrival_rooms_a, layout_rooms, serial_rivers,
          chequers_serial_rivers_room_b, chequers_serial_rivers_marsh,
          chequers_serial_rivers_large_a, chequers_serial_rivers_micro_e
D:2:      layout_basic, first_ration, xom_redecorated, uniq_natasha,
          uniq_sigmund
D:3:      layout_loops_corners, marbit_many_paths, dancing_weapons_uskayaw,
          fedhas_altar_1
D:4:      layout_loops_cross, minmay_temple_entry_statues_fountains,
          serial_shops, shop, uniq_robin
D:5:      layout_rooms
D:6:      layout_rooms, nicolae_tso_carved_into_rock, serial_co_window_serial,
          co_window_paths_b, co_window_paths_a, co_window_of_opportunity_a,
          co_window_corner_a, co_window_corner_a, co_window_corner_a,
          co_window_corner_a, co_window_of_opportunity_b, co_window_broadway_a,
          co_window_2corner, co_window_corner_ca, co_window_corner_ca,
          glass_columns_a, uniq_prince_ribbit1
D:7:      layout_loops_corners, lemuel_crystal_altar,
          nemelex_xobeh_ov_fountains_minmay, gammafunk_ghost_nasty_kobolds,
          minmay_strange_pillars, grunt_ogre_cave, uniq_pikel
D:8:      layout_rooms, old_standard_altar, lemuel_round_altar
D:9:      layout_gridville, uniq_erolcha
D:10:     layout_stronghold, david_orc_2, serial_shops, shop_statue,
          serial_glass, glass_columns_a, glass_columns_c
D:11:     layout_basic, erik_lair_island, serial_shops, shop, uniq_fannar,
          uniq_maurice, uniq_urug, uniq_erica
D:12:     layout_rooms, serial_shops, shop
D:13:     layout_long_grid, portal_ice_cave_entry_animals_and_master
Temple:   dshaligram_water_room_temple
Lair:1:   layout_cave_pods, basic_altar
Lair:2:   layout_long_grid, shoals_dummy_entry
Lair:3:   layout_regular_city, grunt_megastairs_5
Lair:4:   gammafunk_cloud_chamber, layout_gridlike, spider_nest_entry_webs
Orc:1:    layout_caves
Orc:2:    grunt_orc_gardens, layout_caves, grunt_orc_garden, grunt_orc_garden,
          grunt_orc_garden, grunt_orc_garden, serial_shops,
          nicolae_shop_statue_plus, basic_altar,
          chequers_guarded_unrand_ignorance

Skill      XL: |  1  2  3  4  5  6  7  8  9 10 11 12 13 |
---------------+----------------------------------------+-----
Fighting       | 4 5 6 7 9 10 11 | 11.5
Armour         | 4 5 7 8 9 10 11 12 | 12.3
Shields        | 4 5 6 7 8 10 11 12 13 14 | 14.5
Long Blades    | 3 4 5 6 9 10 12 14 16 | 16.2
Dodging        | 2 3 4 |  4.9
Axes           | 3 4 |  4.1
Stealth        | 1 2 |  2.7
Invocations    | 1 2 3 |  3.3
Evocations     | 1 |  1.2

Action                   |  1- 3 |  4- 6 |  7- 9 | 10-12 | 13-15 || total
-------------------------+-------+-------+-------+-------+-------++-------
Melee: Long sword        |   112 |   195 |   299 |   203 |       ||   809
       Headbutt          |    11 |    20 |    97 |   188 |   132 ||   448
       Hand axe          |       |       |   185 |       |       ||   185
       Scimitar          |       |       |       |    95 |    16 ||   111
       Double sword      |       |       |       |   300 |   378 ||   678
Invok: Heroism           |       |       |     7 |    18 |    10 ||    35
       Finesse           |       |       |       |     1 |       ||     1
Evoke: Wand              |       |       |     4 |    10 |       ||    14
  Use: Scroll            |     2 |     7 |     7 |     7 |     4 ||    27
       Potion            |     1 |       |     3 |       |     1 ||     5
  Eat: Chunk             |       |    10 |    17 |    26 |    13 ||    66
       Ration            |       |       |     1 |       |     3 ||     4
Armor: Scale mail        |    83 |    56 |       |       |     6 ||   145
       Chain mail        |       |    37 |   227 |    52 |   132 ||   448
       Plate armour      |       |       |       |   185 |     1 ||   186
       Ice dragon scales |       |       |       |       |     3 ||     3
Dodge: Dodged            |    44 |    60 |   150 |   183 |   129 ||   566
Block: Kite shield       |    85 |    98 |   324 |   376 |   254 ||  1137
       Rpst.: Long sword |    14 |    17 |    23 |    22 |       ||    76
       Scimitar          |       |       |       |     8 |       ||     8
       Double sword      |       |       |       |    27 |    32 ||    59
